 Dungeon Crawl Stone Soup version 0.18.1-48-g4cf74bf (webtiles) character file.

61 Gargoyl the Skirmisher (level 3, -5/30 HPs)
             Began as a Demonspawn Abyssal Knight on June 26, 2016.
             Was a Believer of Lugonu.
             Splashed by a jelly's acid (8 damage)
             ... on level 1 of the Dungeon.
             The game lasted 00:01:32 (994 turns).

Gargoyl the Skirmisher (Demonspawn Abyssal Knight)   Turns: 994, Time: 00:01:35

Health: -5/30      AC:  0    Str: 13    XL:     3   Next: 83%
Magic:  5/5        EV: 11    Int: 13    God:    Lugonu [**....]
Gold:   39         SH:  0    Dex: 12    Spells: 0 memorised, 2 levels left

rFire  . . .     SeeInvis .     a - +1 hand axe
rCold  . . .     Gourm    +     b - +0 leather armour
rNeg   . . .     Faith    .     (no shield)
rPois  .         Spirit   .     (no helmet)
rElec  .         Dismiss  .     (no cloak)
rCorr  .         Reflect  .     (no gloves)
SustAt .         Harm     .     (no boots)
MR     .....                    e - amulet of the gourmand
Stlth  ++........               (no ring)
                                (no ring)

@: corroded, not resistant to hostile enchantments, unstealthy
A: hooves 1, nightstalker 1
a: Depart the Abyss, Bend Space, Renounce Religion


You were on level 1 of the Dungeon.
You worshipped Lugonu.
Lugonu was pleased with you.
You were hungry.

You visited 1 branch of the dungeon, and saw 1 of its levels.
You visited the Abyss 1 time.

You collected 39 gold pieces.

Inventory:

Hand Weapons
 a - a +1 hand axe (weapon)
Armour
 b - a +0 leather armour (worn)
Jewellery
 e - an amulet of the gourmand (around neck)
Scrolls
 d - 2 scrolls of enchant armour {unknown}
 h - a scroll of identify {unknown}
Comestibles
 c - 2 bread rations
 f - a beef jerky
 g - a meat ration


   Skills:
 + Level 3.8 Fighting
 + Level 2.2 Axes
 + Level 1.9 Armour
 + Level 1.7 Dodging
 + Level 0.2 Stealth
 + Level 2.8 Invocations


You had 2 spell levels left.
You didn't know any spells.

Dungeon Overview and Level Annotations

Branches:
Dungeon (1/15)

Altars:


Innate Abilities, Weirdness & Mutations

You have large cloven feet.
You are slightly more attuned to the shadows.


Message History

You hit the jackal but do no damage. The jackal barely misses you.
The jackal bites you but does no damage.
You hit the jackal but do no damage. The jackal barely misses you.
You hit the jackal.
You kill the jackal!
Lugonu accepts your kill.
You hear a slurping noise.
The jelly closely misses you.
You slash the jelly!
Your hands burn!
You kick the jelly, but do no damage.
The jelly is moderately wounded.
The jelly hits you.
You are splashed with acid!
The acid burns!
* * * LOW HITPOINT WARNING * * *
You slash the jelly! The acid corrodes you!
Your hands burn!
* * * LOW HITPOINT WARNING * * *
You kick the jelly, but do no damage.
The jelly is severely wounded.
The jelly hits you.
* * * LOW HITPOINT WARNING * * *
You are splashed with acid!
The acid burns!
You die...

.#########.#.# #.#
.............# #.#
#########.#### #.# ......# #.#
#.#### ### #.###.# #.# #....#
#.. #.##..###.######## #....#
#.# .................#
###....###[# .###'#######+###.#
#..........# .#..⌠...>...⌠..#@#
#.......)... .#......<......#J#
#.........##
.+⌠...)###JJJ)⌠JJ#######....#.##
.#.............#..##........#.#
.#######'#######.....###....#.#
.#


.rJ.J.hJ #.###.# #)####.# .# .rhJJJ..... #.###.# #.# #.#
.#...JhhshJ....#..##.###.## #.# .###############........#.# #.# You could see a
jelly and 2 oozes.

Vanquished Creatures
  4 oozes (D:1)
  3 dart slugs (D:1)
  A giant gecko (D:1)
  2 giant cockroaches (D:1)
  4 hobgoblins (D:1)
  10 jackals (D:1)
  2 kobolds (D:1)
  A giant newt (D:1)
  3 goblins (D:1)
  4 rats (D:1)
34 creatures vanquished.

Notes
Turn   | Place    | Note
--------------------------------------------------------------
     0 | Abyss:1  | Gargoyl the Demonspawn Abyssal Knight began the quest for the Orb.
     0 | Abyss:1  | Reached XP level 1. HP: 18/18 MP: 2/2
    34 | Abyss:1  | Noticed an ettin skeleton
    38 | Abyss:1  | Noticed a small abomination
    43 | D:1      | Escaped the Abyss
    47 | D:1      | Found a runed door.
    55 | D:1      | Noticed a jelly
   184 | D:1      | Reached * piety under Lugonu
   235 | D:1      | Gained mutation: You are slightly more attuned to the shadows. [demonic ancestry]
   235 | D:1      | Reached XP level 2. HP: 21/24 MP: 3/3
   453 | D:1      | Reached skill level 1 in Dodging
   803 | D:1      | Gained mutation: You have large cloven feet. [demonic ancestry]
   803 | D:1      | Reached XP level 3. HP: 29/29 MP: 5/5
   979 | D:1      | Reached ** piety under Lugonu
   994 | D:1      | Splashed by a jelly's acid

Skill      XL: |  1  2 |
---------------+-------+-----
Axes           | 2 |  2.2
Dodging        | 1 |  1.7
Fighting       | |  3.8
Armour         | |  1.9
Stealth        | |  0.2
Invocations    | |  2.8

Action                   || total
-------------------------++-------
Melee: Hand axe          ||   114
       Kick              ||    12
Invok: Depart the Abyss  ||     1
 Stab: Sleeping          ||     3
       Distracted        ||     1
Armor: Leather armour    ||    33
Dodge: Dodged            ||    77
